AoeStats
← JRazzz

African Clearing

506107713Analyzed
3v3 RM · 21d ago on Sep 12, 2026· 48m 21s· 6 players
Game mode
Random Map
Map size
Normal (6 player)
Population
200
Speed
Normal
Resources
Standard
Victory
Conquest
Starting age
Dark Age
Ending age
Imperial Age
RankedLock teamsTeams togetherTeam positionsShared explorationLock speedFull tech treeHidden civsTurbo modeCheats
Victory
Defeat
🇦🇺 Wei · Australia
1327
+7
🇬🇧 Mongols · United Kingdom
1260
+10
🇨🇳 Spanish · China
1096
+15
🇧🇷 Teutons · Brazil
1147
-12
🇮🇹 Mongols · Italy
1099
-10
🇫🇮 Ethiopians · Finland
1083
-10
Sam
3:57 Loom
14:22 Feudal Age
18:40 Castle Age
17:17 Double-Bit Axe
19:46 Bow Saw
20:57 Scale Barding Armor
22:37 Horse Collar
24:59 Scale Barding Armor
26:24 Bloodlines
29:58 Heavy Plow
32:24 Stone Mining
32:28 Gold Mining
34:59 Wheelbarrow
36:13 Fletching
45:04 Chain Barding Armor
44:55 Forging
46:01 Wheelbarrow
45:11 Town Watch
yotipic
4:48 Loom
13:18 Feudal Age
13:50 Double-Bit Axe
15:59 Wheelbarrow
23:25 Castle Age
23:40 Fletching
24:40 Padded Archer Armor
25:25 Gold Mining
32:15 Bodkin Arrow
33:50 Leather Archer Armor
KinE
11:13 Loom
15:23 Feudal Age
18:05 Horse Collar
18:22 Fletching
20:17 Padded Archer Armor
26:18 Castle Age
27:22 Crossbowman
28:08 Double-Bit Axe
28:25 Heavy Plow
28:33 Thumb Ring
29:56 Bodkin Arrow
30:52 Bow Saw
34:50 Wheelbarrow
38:03 Squires
42:11 Imperial Age
42:09 Hand Cart
42:19 Leather Archer Armor
43:52 Arbalester
46:03 Bracer
46:32 Ballistics
JRazzz
3:13 Loom
13:21 Feudal Age
17:11 Castle Age
16:19 Double-Bit Axe
16:53 Fletching
18:59 Bodkin Arrow
27:24 Ballistics
28:24 Bloodlines
28:16 Husbandry
29:10 Wheelbarrow
32:55 Padded Archer Armor
35:23 Thumb Ring
37:54 Imperial Age
39:53 Chemistry
38:59 Bracer
38:28 Heavy Cavalry Archer
39:36 Parthian Tactics
39:41 Conscription
40:11 Leather Archer Armor
39:42 Elite Mangudai
45:01 Capped Ram
46:44 Bow Saw
GI
9:13 Loom
10:21 Loom
12:50 Feudal Age
14:00 Double-Bit Axe
15:54 Wheelbarrow
15:58 Horse Collar
16:34 Town Watch
18:25 Scale Barding Armor
19:16 Forging
21:52 Bloodlines
26:48 Castle Age
25:07 Gold Mining
28:03 Chain Barding Armor
28:12 Husbandry
28:25 Bow Saw
28:17 Heavy Plow
31:12 Hand Cart
32:48 Iron Casting
34:02 Gold Shaft Mining
40:35 Town Patrol
41:04 Light Cavalry
45:04 Imperial Age
46:56 Blast Furnace
45:18 Hussar
48:54 Ming Guang Armor
48:50 Conscription
cottage
4:11 Loom
14:23 Feudal Age
27:58 Forging
27:49 Scale Mail Armor
30:40 Castle Age
28:37 Double-Bit Axe
28:41 Horse Collar
28:56 Horse Collar
30:18 Fletching
30:53 Pikeman
32:15 Wheelbarrow
31:06 Pikeman
32:40 Chain Mail Armor
33:52 Heavy Plow
34:03 Bow Saw
34:41 Squires
43:55 Iron Casting
43:54 Hand Cart
45:12 Town Watch
Connection lost

Rejoining the realm…

Still unreachable

The connection could not be restored.

Session expired

The server has moved on; the page needs a fresh start.